AoeStats
← Noir_Angel

Oasis

508697813Analyzed
2v2 RM · 7d ago on Sep 23, 2026· 50m 43s· 4 players
Game mode
Random Map
Map size
Medium (4 player)
Population
200
Speed
Normal
Resources
Standard
Victory
Conquest
Starting age
Dark Age
Ending age
Imperial Age
RankedLock teamsTeams togetherTeam positionsShared explorationLock speedFull tech treeHidden civsTurbo modeCheats
Victory
Defeat
🇩🇪 Saxons · Germany
1145
+18
🇩🇪 Varangians · Germany
1133
+19
🇧🇦 Varangians · Bosnia & Herzegovina
1204
-18
🇦🇹 Khmer · Austria
1194
-19
Mann aus Sachsen
6:20 Loom
10:27 Feudal Age
10:58 Double-Bit Axe
10:54 Horse Collar
10:49 Man-at-Arms
14:42 Arson
20:15 Castle Age
21:20 Bow Saw
22:55 Heavy Plow
23:33 Wheelbarrow
31:30 Imperial Age
29:09 Scale Mail Armor
30:15 Chain Mail Armor
30:03 Squires
31:11 Forging
31:12 Gambesons
32:32 Iron Casting
32:53 Plate Mail Armor
32:34 Elite Varangian Guard
33:13 Gold Mining
33:55 Pikeman
41:50 Ballistics
41:21 Fletching
42:45 Long Swordsman
43:30 Bodkin Arrow
43:42 Two-Handed Swordsman
44:38 Champion
48:09 Gold Shaft Mining
50:30 Bracer
Noir_Angel
5:22 Loom
7:38 Loom
9:58 Feudal Age
11:27 Double-Bit Axe
13:00 Horse Collar
17:30 Castle Age
20:35 Gold Mining
20:47 Heavy Plow
21:00 Bow Saw
21:50 Gambesons
22:06 Squires
21:52 Arson
23:09 Scale Mail Armor
25:26 Chain Mail Armor
27:02 Stone Mining
29:46 Forging
29:27 Fletching
31:39 Wheelbarrow
30:49 Town Watch
32:08 Bloodlines
31:59 Husbandry
35:20 Imperial Age
34:25 Hand Cart
34:10 Town Patrol
34:31 Bloodlines
34:22 Husbandry
35:11 Treadmill Crane
35:51 Ballistics
35:43 Masonry
35:34 Bodkin Arrow
35:48 Scale Barding Armor
35:25 Cavalier
37:07 Crop Rotation
37:42 Two-Man Saw
38:26 Conscription
38:47 Stone Shaft Mining
39:27 Siege Engineers
39:52 Architecture
39:37 Vendel Legacy
41:07 Gothikon
42:15 Chain Barding Armor
42:31 Iron Casting
41:51 Bodkin Arrow
43:41 Plate Barding Armor
42:43 Elite Varangian Guard
43:57 Man-at-Arms
45:11 Plate Mail Armor
45:20 Long Swordsman
45:52 Two-Handed Swordsman
49:37 Chemistry
48:33 Murder Holes
51:29 Blast Furnace
50:29 Bracer
Bihorco
3:23 Loom
11:44 Feudal Age
12:17 Double-Bit Axe
12:13 Horse Collar
16:47 Man-at-Arms
17:13 Arson
20:42 Castle Age
18:50 Stone Mining
20:22 Forging
20:17 Scale Mail Armor
21:23 Heavy Plow
22:23 Bow Saw
23:24 Gold Mining
27:01 Wheelbarrow
26:12 Town Watch
27:43 Fletching
27:53 Padded Archer Armor
28:10 Treadmill Crane
29:28 Hand Cart
31:37 Stone Shaft Mining
32:11 Iron Casting
31:52 Chain Mail Armor
33:12 Fortified Wall
33:23 Ballistics
32:55 Heated Shot
33:16 Masonry
33:02 Murder Holes
33:18 Gambesons
33:33 Squires
37:34 Imperial Age
35:36 Town Patrol
36:45 Bodkin Arrow
37:07 Leather Archer Armor
38:39 Conscription
39:22 Blast Furnace
39:23 Plate Mail Armor
38:17 Gothikon
39:22 Elite Varangian Guard
40:21 Bodkin Arrow
41:59 Pikeman
42:31 Halberdier
48:43 Capped Ram
Babo G
10:19 Feudal Age
10:46 Feudal Age
14:09 Castle Age
14:54 Wheelbarrow
15:24 Loom
15:42 Double-Bit Axe
27:38 Bow Saw
27:24 Horse Collar
34:19 Fortified Wall
34:08 Crossbowman
34:51 Town Watch
35:31 Hand Cart
34:57 Elite Skirmisher
48:52 Ballistics
Connection lost

Rejoining the realm…

Still unreachable

The connection could not be restored.

Session expired

The server has moved on; the page needs a fresh start.